cohdb
Replays
Latest Replays
All Replays
Popular Replays
Top Player Replays
Match Explorer
How It Works
Community
CoH3 Stats
Reddit
Sign in to upload your games and track your stats! →
Sign in with Steam
Match 43762978
Unlisted
Match 43762978
Overview
Messages
Build Orders
End
Vickers Machine Gun Team
Construct Section Command Post
Selects Canadian Shock Battlegroup
Infantry Section
Infantry Section
Construct Field Infirmary
Grenade Package
Selects Incendiary Munitions
Construct Platoon Command Post
Selects Attacking Spirit
Selects Canadian Shock Section
Canadian Shock Section
Humber Armored Car
Sweetak
WilixX
sgtViveron
Zerg6412
simranjitsingh713
frogKiller
0
0
Comments
sign in to comment!
No comments posted yet!